AoeStats
← Dr Whitman

Arena

510943167Analyzed
4v4 RM · 15h ago on Oct 3, 2026· 44m 35s· 8 players
Game mode
Random Map
Map size
Large (8 player)
Population
200
Speed
Normal
Resources
Standard
Victory
Conquest
Starting age
Dark Age
Ending age
Imperial Age
RankedLock teamsTeams togetherTeam positionsShared explorationLock speedFull tech treeHidden civsTurbo modeCheats
Victory
Defeat
🇭🇰 Varangians · Hong Kong SAR China
1427
+12
🇺🇸 Danes · United States
1375
+14
🇨🇳 Japanese · China
1331
+16
🇺🇸 Mongols · United States
1291
+18
🇹🇼 Aztecs · Taiwan
1420
-18
🇦🇪 Lithuanians · United Arab Emirates
1320
-14
🇨🇳 Bohemians · China
1305
-14
🇨🇳 Jurchens · China
1302
-14
Cain2point0
10:25 Feudal Age
14:05 Castle Age
12:05 Double-Bit Axe
13:19 Horse Collar
14:58 Bow Saw
20:42 Wheelbarrow
21:09 Heavy Plow
22:55 Hand Cart
23:21 Gold Mining
28:03 Imperial Age
25:22 Loom
25:52 Scale Mail Armor
26:03 Forging
25:48 Pikeman
26:32 Squires
27:22 Gold Shaft Mining
28:14 Capped Ram
28:33 Halberdier
30:00 Chain Mail Armor
30:20 Iron Casting
30:34 Iron Casting
29:25 Northmen's Fury
29:45 Siege Ram
31:20 Conscription
31:30 Siege Engineers
32:16 Plate Mail Armor
32:17 Stone Mining
34:30 Blast Furnace
32:54 Man-at-Arms
33:20 Gambesons
33:55 Long Swordsman
34:12 Heavy Scorpion
35:55 Coinage
35:26 Caravan
35:19 Hamask
35:45 Two-Handed Swordsman
36:11 Arson
36:19 Fletching
36:44 Champion
43:53 Elite Varangian Guard
Dr Whitman
9:41 Feudal Age
13:23 Castle Age
11:47 Double-Bit Axe
11:45 Horse Collar
15:45 Bow Saw
24:57 Wheelbarrow
24:10 Loom
28:13 Imperial Age
25:30 Loom
26:41 Stone Mining
26:42 Gold Mining
26:56 Husbandry
26:48 Fletching
27:21 Ballistics
29:00 Gold Shaft Mining
29:04 Stone Shaft Mining
29:20 Conscription
29:05 Bodkin Arrow
29:40 Parthian Tactics
29:32 Bloodlines
29:44 Hand Cart
29:51 Thumb Ring
30:45 Bracer
31:24 Elite Mangudai
32:15 Padded Archer Armor
32:45 Conscription
33:17 Leather Archer Armor
34:33 Chemistry
35:08 Caravan
45:00 Coinage
44:25 Elite Steppe Lancer
介之谜
10:26 Feudal Age
14:24 Castle Age
12:22 Double-Bit Axe
12:56 Horse Collar
16:33 Wheelbarrow
18:01 Scale Mail Armor
18:44 Forging
25:21 Gold Mining
26:42 Loom
33:36 Imperial Age
33:56 Chain Mail Armor
34:20 Iron Casting
33:56 Capped Ram
35:21 Conscription
36:24 Chain Mail Armor
38:43 Bow Saw
38:31 Town Watch
41:48 Hand Cart
41:38 Squires
41:24 Gambesons
44:49 Plate Mail Armor
45:23 Gold Shaft Mining
明月清风
10:43 Feudal Age
12:11 Double-Bit Axe
14:44 Castle Age
12:36 Horse Collar
16:38 Bow Saw
22:32 Loom
24:00 Wheelbarrow
23:50 Town Watch
24:26 Gold Mining
24:36 Stone Mining
30:03 Imperial Age
28:43 Scale Barding Armor
28:49 Forging
29:29 Heavy Plow
30:04 Husbandry
30:14 Bloodlines
30:26 Chain Barding Armor
31:15 Stone Shaft Mining
30:14 Elite Jarl
31:15 Conscription
31:50 Plate Barding Armor
31:51 Iron Casting
33:33 Two-Man Saw
32:48 Masonry
35:54 Hand Cart
36:11 Architecture
35:53 Fortified Wall
36:24 Guilds
38:16 Town Patrol
38:24 Siege Engineers
39:23 Chemistry
38:44 Ballistics
39:28 Blast Furnace
38:22 Fletching
39:10 Caravan
40:20 Murder Holes
41:25 Coinage
41:17 Treadmill Crane
41:35 Bodkin Arrow
45:15 Banking
荒野一條蟲
11:21 Feudal Age
12:38 Loom
15:12 Castle Age
13:52 Loom
14:16 Double-Bit Axe
17:00 Bow Saw
16:45 Pikeman
18:56 Sanctity
19:58 Gold Mining
28:26 Redemption
30:52 Horse Collar
34:02 Wheelbarrow
33:21 Stone Mining
35:51 Hand Cart
36:05 Atlatl
36:04 Town Watch
39:50 Imperial Age
38:36 Treadmill Crane
39:20 Ballistics
38:53 Fletching
38:48 Crossbowman
39:42 Bodkin Arrow
40:17 Padded Archer Armor
41:36 Chemistry
40:27 Guard Tower
41:16 Conscription
40:26 Arbalester
42:09 Chemistry
42:35 Chemistry
41:26 Elite Skirmisher
只爆叉叉
10:50 Feudal Age
12:02 Double-Bit Axe
14:24 Castle Age
13:31 Horse Collar
16:25 Bow Saw
16:43 Heavy Plow
22:09 Wheelbarrow
21:21 Loom
21:40 Gold Mining
24:34 Gold Shaft Mining
25:09 Treadmill Crane
28:02 Imperial Age
26:04 Ballistics
26:54 Siege Engineers
27:21 Padded Archer Armor
28:12 Hand Cart
29:56 Chemistry
29:19 Conscription
29:18 Leather Archer Armor
29:01 Fletching
29:52 Husbandry
30:03 Bloodlines
30:41 Ring Archer Armor
30:25 Forging
31:14 Scale Barding Armor
31:45 Iron Casting
31:25 Fortified Wall
30:54 Light Cavalry
31:40 Hussar
34:12 Blast Furnace
33:34 Chain Barding Armor
36:29 Plate Barding Armor
36:26 Elite Steppe Lancer
JITUI1379
10:53 Feudal Age
14:39 Castle Age
12:49 Double-Bit Axe
12:45 Horse Collar
15:01 Wheelbarrow
15:39 Bow Saw
16:35 Fervor
17:19 Hand Cart
19:53 Sanctity
21:50 Hand Cart
27:11 Imperial Age
24:28 Loom
24:28 Town Watch
26:33 Chemistry
26:13 Padded Archer Armor
26:35 Ballistics
26:26 Heavy Plow
28:13 Leather Archer Armor
29:35 Ring Archer Armor
29:27 Conscription
29:05 Pikeman
29:46 Squires
29:31 Arson
29:48 Scale Mail Armor
29:58 Forging
29:49 Halberdier
30:49 Chain Mail Armor
33:01 Plate Mail Armor
33:06 Iron Casting
32:51 Fortified Wall
33:58 Masonry
35:09 Blast Furnace
35:29 Fletching
37:19 Two-Man Saw
37:32 Wagenburg Tactics
39:22 Houfnice
39:54 Elite Skirmisher
41:24 Architecture
43:22 Siege Engineers
43:55 Ring Archer Armor
43:20 Bodkin Arrow
45:02 Guard Tower
44:57 Arrowslits
CilleR
0:26 Loom
11:58 Feudal Age
15:52 Castle Age
14:22 Double-Bit Axe
14:20 Horse Collar
17:26 Fervor
24:01 Heavy Plow
24:15 Bow Saw
25:22 Wheelbarrow
26:43 Hand Cart
26:24 Stone Mining
26:24 Gold Mining
32:35 Imperial Age
31:06 Scale Barding Armor
31:12 Forging
31:28 Bloodlines
31:18 Husbandry
31:21 Caravan
32:31 Stone Shaft Mining
32:45 Chain Barding Armor
33:18 Iron Casting
32:36 Elite Leitis
33:37 Conscription
32:44 Onager
34:21 Plate Barding Armor
34:49 Fletching
35:07 Town Watch
Connection lost

Rejoining the realm…

Still unreachable

The connection could not be restored.

Session expired

The server has moved on; the page needs a fresh start.